 Dungeon Crawl Stone Soup version 0.31-a0-841-g038b102fc3 (webtiles) character file.

Game seed: 16793103508010761801

108 randomguy2701 the Summoner (level 4, -1/32 HPs)
             Began as a Gnoll Wanderer on Sept 27, 2023.
             Killed from afar by Ijyb (17 damage)
             ... with a bolt of light
             ... on level 3 of the Dungeon.
             The game lasted 00:06:32 (2447 turns).

randomguy2701 the Summoner (Gnoll Wanderer)         Turns: 2447, Time: 00:06:32

Health: -1/32      AC:  3    Str: 10    XL:     4   Next: 87%
Magic:  8/8        EV: 12    Int: 13    God:
Gold:   87         SH:  0    Dex: 13    Spells: 8/9 levels left

rFire   . . .        a - +0 dagger
rCold   . . .        (no shield)
rNeg    . . .        c - +0 robe
rPois   .            (no helmet)
rElec   .            d - +0 cloak
rCorr   .            (no gloves)
SInv    .            (no boots)
Will    .....        (no amulet)
Stlth   +++          (no ring)
HPRegen 0.25/turn    (no ring)
MPRegen 0.11/turn

%: no passive effects
@: no status effects
A: fangs 1, strong nose, distributed training
a: no special abilities


You were on level 3 of the Dungeon.
You visited 1 branch of the dungeon, and saw 3 of its levels.

You collected 87 gold pieces.

Inventory:

Hand Weapons
 a - a +0 dagger (weapon)
Armour
 c - a +0 robe (worn)
 d - a +0 cloak (worn)
Jewellery
 l - a ring of protection from fire
Scrolls
 b - a scroll of summoning
 e - a scroll of revelation {unknown}
 f - a scroll of silence {unknown}
 h - a scroll of identify {unknown}
 i - a scroll of poison {unknown}
 j - a scroll of noise {unknown}
 k - a scroll of immolation {unknown}
 o - a scroll of teleportation {unknown}
Potions
 g - 2 potions of curing
 m - a potion of degeneration {unknown}
 n - a potion of mutation {unknown}
 p - a potion of ambrosia {unknown}


   Skills:
 + Level 1.3 Fighting
 + Level 1.3 Short Blades
 + Level 1.3 Long Blades
 + Level 1.3 Axes
 + Level 1.3 Maces & Flails
 + Level 1.3 Polearms
 + Level 1.3 Staves
 + Level 1.3 Ranged Weapons
 + Level 1.3 Throwing
 + Level 1.3 Armour
 + Level 1.3 Dodging
 + Level 4.3 Stealth
 + Level 1.3 Shields
 + Level 1.3 Unarmed Combat
 + Level 3.1 Spellcasting
 + Level 1.0 Conjurations
 + Level 1.0 Hexes
 + Level 8.8 Summonings
 + Level 1.0 Necromancy
 + Level 1.0 Translocations
 + Level 1.0 Transmutations
 + Level 3.9 Fire Magic
 + Level 1.0 Ice Magic
 + Level 1.0 Air Magic
 + Level 1.0 Earth Magic
 + Level 1.0 Poison Magic
 + Level 1.4 Invocations
 + Level 1.3 Evocations
 + Level 1.2 Shapeshifting


You had 8 spell levels left.
You knew the following spells:

 Your Spells              Type           Power      Damage    Failure   Level
a - Summon Small Mammal   Summ           100%       N/A       1%          1

Your spell library contained the following spells:

 Spells                   Type           Power      Damage    Failure   Level
 Foxfire                  Conj/Fire      32%        2x1d5     9%          1
 Ignite Poison            Fire/Tmut/Pois 7%         N/A       30%         3
 Summon Ice Beast         Ice/Summ       14%        N/A       30%         4
 Summon Lightning Spire   Summ/Air       14%        N/A       30%         4


Dungeon Overview and Level Annotations

Branches:
Dungeon (3/15)

Altars:

Annotations:
D:3 Ijyb, Sigmund


Innate Abilities, Weirdness & Mutations

You have very sharp teeth.
Your uncanny sense of smell can sniff out nearby items.
Your experience applies equally to all skills.


Message History

Ouch! That really hurt!
Your bat hits Ijyb but does no damage. Ijyb hits your bat but does no damage.
Your bat closely misses Ijyb.
Okay, then.
It was a potion of curing.
You feel better.
Your bat misses Ijyb.
Your bat closely misses Ijyb.
Found a scroll labelled DAGGURE UTEP.
Your bat hits Ijyb.
Your quokka closely misses Ijyb.
Your bat barely misses Ijyb.
Your bat closely misses Ijyb.
Your quokka barely misses Ijyb.
Your bat barely misses Ijyb.
Ijyb attacks as she pursues you! Ijyb closely misses you.
Your bat misses Ijyb.
Your bat closely misses Ijyb.
Ijyb hits you with a +0 club.
Your bat misses Ijyb.
Your quokka closely misses Ijyb.
Ijyb hits your bat with a +0 club.
Your bat hits Ijyb but does no damage. Your bat misses Ijyb.
Your quokka bites Ijyb.
Ijyb screams, "Me very upset!"
Your quokka bites Ijyb but does no damage.
You swap places.
Your bat hits Ijyb but does no damage.
Your quokka bites Ijyb but does no damage.
Your bat hits Ijyb but does no damage. Ijyb attacks as she pursues you!
Ijyb hits you with a +0 club.
Your bat hits Ijyb but does no damage.
Ijyb zaps a wand.
The bolt of light hits you!
You are confused.
* * * LOW HITPOINT WARNING * * *
Okay, then.
You feel better.
Your bat closely misses Ijyb.
Your quokka bites Ijyb but does no damage.
Ijyb closely misses your quokka.
Your bat hits Ijyb.
Your quokka barely misses Ijyb.
Ijyb misses your bat.
Your quokka closely misses Ijyb.
Your bat hits Ijyb but does no damage.
Your quokka barely misses Ijyb.
Ijyb hits your bat with a +0 club.
Your bat dies!
Your bat's corpse disappears in a puff of smoke!
Your quokka barely misses Ijyb.
Ijyb zaps a wand.
The bolt of light hits you!
Ouch! That really hurt!
You die...

.r..#....##?.#...... #.#.......
..................######.#.......
.................###.............
.........................#.......
.................###.###.........
########......g...#..######......
#####....r...........##.....
?.............#......#######
####.......@.........# #
#.........#.......#######
#........<##......##..... .
............#<.<....##.##.. Z#
...#.............÷...##.##.. #
####.........##.|÷......##..
#.........##.......####..
#.........##......## #..
#.>........#####..# #..


You could see Ijyb (ally target) and a friendly quokka (summoned).

Vanquished Creatures
  2 adders (D:2)
  A bat zombie (D:3)
  A hobgoblin (D:2)
  A kobold (D:2)
5 creatures vanquished.

Vanquished Creatures (collateral kills)
  3 adders
  2 worms
  7 ball pythons
  3 bat zombies (D:3)
  2 endoplasms (D:2)
  A giant cockroach (D:1)
  6 goblins
  7 hobgoblins
  3 jackals (D:1)
  A quokka (D:2)
  A bat (D:2)
  5 kobolds
  8 rats
49 creatures vanquished.

Grand Total: 54 creatures vanquished

Notes
Turn   | Place    | Note
-------+----------+-------------------------------------------
     0 | D:1      | randomguy2701 the Gnoll Wanderer began the quest for the
                  | Orb.
     0 | D:1      | randomguy2701 set off with the following items: a +0
                  | dagger, a scroll of summoning, a +0 robe, a +0 cloak; and
                  | the following spells available to memorise: Summon Small
                  | Mammal, Foxfire, Summon Ice Beast, Summon Lightning Spire,
                  | Ignite Poison.
     0 | D:1      | Reached XP level 1. HP: 13/13 MP: 4/4
     2 | D:1      | Learned a level 1 spell: Summon Small Mammal
   235 | D:1      | Reached XP level 2. HP: 12/19 MP: 3/5
  1291 | D:2      | Reached XP level 3. HP: 25/25 MP: 5/7
  1354 | D:2      | Reached skill level 1 in Invocations
  1396 | D:2      | You fall into a shaft and drop 1 floor!
  1450 | D:3      | Reached skill level 1 in Fighting
  1450 | D:3      | Reached skill level 1 in Short Blades
  1450 | D:3      | Reached skill level 1 in Long Blades
  1450 | D:3      | Reached skill level 1 in Axes
  1450 | D:3      | Reached skill level 1 in Maces & Flails
  1450 | D:3      | Reached skill level 1 in Polearms
  1450 | D:3      | Reached skill level 1 in Staves
  1450 | D:3      | Reached skill level 1 in Ranged Weapons
  1450 | D:3      | Reached skill level 1 in Throwing
  1450 | D:3      | Reached skill level 1 in Armour
  1450 | D:3      | Reached skill level 1 in Dodging
  1450 | D:3      | Reached skill level 1 in Shields
  1450 | D:3      | Reached skill level 1 in Unarmed Combat
  1450 | D:3      | Reached skill level 1 in Evocations
  1586 | D:3      | Reached XP level 4. HP: 23/32 MP: 3/8
  1597 | D:3      | Reached skill level 1 in Shapeshifting
  1751 | D:3      | Noticed Ijyb
  2033 | D:2      | Reached skill level 1 in Conjurations
  2033 | D:2      | Reached skill level 1 in Hexes
  2033 | D:2      | Reached skill level 1 in Necromancy
  2033 | D:2      | Reached skill level 1 in Translocations
  2033 | D:2      | Reached skill level 1 in Transmutations
  2033 | D:2      | Reached skill level 1 in Ice Magic
  2033 | D:2      | Reached skill level 1 in Air Magic
  2033 | D:2      | Reached skill level 1 in Earth Magic
  2033 | D:2      | Reached skill level 1 in Poison Magic
  2351 | D:3      | Noticed Sigmund
  2447 | D:3      | Killed from afar by Ijyb

Illustrated notes

Levels and vault maps discovered:
D:1:      spicycebolla_arrival_ecumenical, layout_basic
D:2:      layout_basic, minmay_octomino_c4
D:3:      minmay_wonky_spiral, layout_rooms, kennysheep_vampire_church,
          mainiacjoe_overflow_catwalk, ashenzari_conservatory_becter,
          overflow_temple_1_default, serial_shops, shop, uniq_ijyb,
          uniq_sigmund, uniq_natasha

Skill      XL: |  1  2  3  4 |
---------------+-------------+-----
Invocations    | 1 |  1.4
Fighting       | 1 |  1.3
Short Blades   | 1 |  1.3
Long Blades    | 1 |  1.3
Axes           | 1 |  1.3
Maces & Flails | 1 |  1.3
Polearms       | 1 |  1.3
Staves         | 1 |  1.3
Ranged Weapons | 1 |  1.3
Throwing       | 1 |  1.3
Armour         | 1 |  1.3
Dodging        | 1 |  1.3
Shields        | 1 |  1.3
Unarmed Combat | 1 |  1.3
Evocations     | 1 |  1.3
Shapeshifting  | 1 |  1.2
Spellcasting   | 3 |  3.1
Conjurations   | 1 |  1.0
Hexes          | 1 |  1.0
Necromancy     | 1 |  1.0
Translocations | 1 |  1.0
Transmutations | 1 |  1.0
Ice Magic      | 1 |  1.0
Air Magic      | 1 |  1.0
Earth Magic    | 1 |  1.0
Poison Magic   | 1 |  1.0
Stealth        | |  4.3
Summonings     | |  8.8
Fire Magic     | |  3.9

Action                     |  1- 3 |  4- 6 || total
---------------------------+-------+-------++-------
  Melee: Dagger            |     5 |    15 ||    20
         Bite              |     1 |     4 ||     5
         Punch             |       |     2 ||     2
   Cast: Summon Small Mamm |    61 |    36 ||    97
    Use: Potion            |       |     2 ||     2
   Stab: Distracted        |       |     1 ||     1
 Armour: Robe              |    55 |    48 ||   103
  Dodge: Dodged            |    57 |    52 ||   109

Table legend: (Time is in decaauts)
 A = Elapsed time spent in this place.
 B = Non-inter-level travel time spent in this place.
 C = Inter-level travel time spent in this place.
 D = Time resting spent in this place.
 E = Time spent auto-exploring this place.
 F = Levels seen in this place.
 G = Mean time per level.
                   A        B        C        D        E       F      G
               +--------+--------+--------+--------+--------+-----+--------+
         Total |   2448 |   2309 |    139 |      0 |   1653 |   3 |  816.0 |
       Dungeon |   2448 |   2309 |    139 |      0 |   1653 |   3 |  816.0 |
               +--------+--------+--------+--------+--------+-----+--------+

Top non-repeatable levels by time:
     D:1: 1036 daAuts
     D:2: 968 daAuts
     D:3: 442 daAuts
